 Dungeon Crawl Stone Soup version 0.30-a0-43-gbbf338a72c (webtiles) character file.

Game seed: 8483473704804786749

3 drugrobin the Sneak (level 1, 0/18 HPs)
             Began as a Demigod Delver on Sept 1, 2022.
             Slain by an adder (4 damage)
             ... on level 5 of the Dungeon.
             The game lasted 00:00:30 (62 turns).

drugrobin the Sneak (Demigod Delver)                  Turns: 62, Time: 00:00:31

Health: 0/18       AC:  3    Str: 13    XL:     1   Next: 33%
Magic:  3/3        EV: 11    Int: 12    God:
Gold:   26         SH:  0    Dex: 15    Spells: 0/0 levels left

rFire   . . .      SeeInvis .    a - +0 short sword
rCold   . . .      Faith    .    (no shield)
rNeg    . . .      Spirit   .    b - +0 leather armour
rPois   .          Reflect  .    (no helmet)
rElec   .          Harm     .    (no cloak)
rCorr   .          Rampage  .    (no gloves)
Will    .....                    (no boots)
Stlth   +++.......               (no amulet)
HPRegen 0.06/turn                (no ring)
MPRegen 0.08/turn                (no ring)

@: lethally poisoned (0 -> -2)
A: high MP 1, forlorn, divine attributes
a: no special abilities


You were on level 5 of the Dungeon.
You visited 1 branch of the dungeon, and saw 1 of its levels.

You collected 26 gold pieces.

Inventory:

Hand Weapons
 a - a +0 short sword (weapon)
 c - a +0 arbalest
Armour
 b - a +0 leather armour (worn)
Wands
 g - a wand of digging (3)
Scrolls
 d - a scroll of magic mapping
 e - a scroll of fear
 h - a scroll of fog
 i - a scroll of identify {unknown}
 j - a scroll of poison {unknown}
Potions
 f - a potion of haste


   Skills:
 - Level 2.6 Fighting
 + Level 2.1 Short Blades
 - Level 1.7 Dodging
 - Level 4.5 Stealth


You couldn't memorise any spells.
You didn't know any spells.
Your spell library was empty.

Dungeon Overview and Level Annotations

Branches:
Dungeon (5/15)
 Temple: D:4-7


Innate Abilities, Weirdness & Mutations

You have an increased reservoir of magic. (+10% MP)
You shall have no god before yourself.
Your divine heritage dramatically boosts your attributes as you level up.


Message History

j - a scroll labelled CUSOASK RECO An adder comes into view.
Fire: c) +0 arbalest
Press: ? - help, Q - select action Shift-Dir - straight line, f - adder
Aim: an adder (asleep, 98% to hit)
You shoot a bolt. The bolt hits the adder!
The adder hisses angrily.
The adder is almost dead.
Unknown command.
Fire: c) +0 arbalest
Press: ? - help, Q - select action Shift-Dir - straight line, f/p - adder
Aim: an adder (almost dead, 29% to hit)
You shoot a bolt. The bolt closely misses the adder.
An ice beast comes into view.
The ice beast moves out of view.
Unknown command.
Fire: c) +0 arbalest
Press: ? - help, Q - select action Shift-Dir - straight line, f/p - adder
Aim: an adder (almost dead, 29% to hit)
You shoot a bolt. The bolt misses the adder.
The adder barely misses you. The adder bites you but does no damage.
Unknown command.
Unknown command.
a - a +0 short sword (weapon)
You hit the adder.
The adder is almost dead.
The adder barely misses you. The adder bites you.
You are poisoned.
The adder poisons you!
You miss the adder.
The adder is almost dead.
You feel sick. The adder bites you.
You barely miss the adder.
The adder is almost dead.
You feel sick. The adder bites you.
* * * LOW HITPOINT WARNING * * *
You closely miss the adder.
The adder is almost dead.
You feel sick. The adder bites you but does no damage. The adder bites you.
You die...

....#.. ......
###....#... ......
#...........
#....####...........
.....?............. .
#...............#
..##...............#.#.#
##....S............#.#.#
.......@.......#####...#
.$.............##.......
........................
........................
.#######.......#.......#
#.....###.......+
#.$..>#.........#
#...............#
#...............#


You could see an adder.

Vanquished Creatures
  A worm (D:5)
1 creature vanquished.

Notes
Turn   | Place    | Note
-------+----------+-------------------------------------------
     0 | D:5      | drugrobin the Demigod Delver began the quest for the Orb.
     0 | D:5      | Reached XP level 1. HP: 18/18 MP: 3/3
    56 | D:5      | Noticed an ice beast
    62 | D:5      | Slain by an adder

Illustrated notes

Levels and vault maps discovered:
D:5:      layout_basic, serial_shops, shop, nicolae_figureground_pulse

Skill      XL: |  1 |
---------------+----+-----
Short Blades   | 2 |  2.1
Fighting       | |  2.6
Dodging        | |  1.7
Stealth        | |  4.5

Action                   || total
-------------------------++-------
Melee: Short sword       ||     4
 Fire: Arbalest          ||     7
Armor: Leather armour    ||     2
Dodge: Dodged            ||     2

Table legend: (Time is in decaauts)
 A = Elapsed time spent in this place.
 B = Non-inter-level travel time spent in this place.
 C = Inter-level travel time spent in this place.
 D = Time resting spent in this place.
 E = Time spent auto-exploring this place.
 F = Levels seen in this place.
 G = Mean time per level.
                   A        B        C        D        E       F      G
               +--------+--------+--------+--------+--------+-----+--------+
         Total |     67 |     67 |      0 |      0 |      7 |   1 |   67.0 |
       Dungeon |     67 |     67 |      0 |      0 |      7 |   1 |   67.0 |
               +--------+--------+--------+--------+--------+-----+--------+

Top non-repeatable levels by time:
     D:5: 67 daAuts
